 Dungeon Crawl Stone Soup version 0.28.0-53-g5a82cb258f (webtiles) character file.

Game seed: 7681733264527785565

26 Laubgeist the Grasshopper (level 2, -4/23 HPs)
             Began as a Palentonga Warper on June 26, 2022.
             Slain by a worm (8 damage)
             ... on level 2 of the Dungeon.
             The game lasted 00:04:40 (1387 turns).

Laubgeist the Grasshopper (Palentonga Warper)       Turns: 1387, Time: 00:04:41

Health: -4/23      AC:  4    Str: 14    XL:     2   Next: 89%
Magic:  4/5        EV:  9    Int: 13    God:
Gold:   29         SH:  0    Dex:  9    Spells: 3/5 levels left

rFire   . . .      SeeInvis +   a - +0 falchion
rCold   . . .      Faith    .   (no shield)
rNeg    . . .      Spirit   .   b - +0 leather armour
rPois   .          Reflect  .   (no helmet)
rElec   .          Harm     .   (no cloak)
rCorr   .          Rampage  .   (no gloves)
Will    .....                   (no barding)
Stlth   +.........              (no amulet)
HPRegen 0.07/turn               (no ring)
MPRegen 0.09/turn               (no ring)

@: no status effects
A: large, rugged brown scales 3, see invisible, deformed body, roll 1, armoured
tail
a: Rolling Charge


You were on level 2 of the Dungeon.
You visited 1 branch of the dungeon, and saw 2 of its levels.

You collected 29 gold pieces.

Inventory:

Hand Weapons
 a - a +0 falchion (weapon)
Missiles
 d - 4 boomerangs of dispersal
Armour
 b - a +0 leather armour (worn)
Scrolls
 c - a scroll of blinking
 e - a scroll of enchant armour
 g - a scroll of teleportation {unknown}


   Skills:
 + Level 2.0 Fighting
 + Level 2.4 Long Blades
 + Level 0.7 Throwing
 + Level 1.0 Armour
 + Level 1.7 Dodging
 + Level 2.4 Spellcasting
 + Level 3.1 Translocations


You had 3 spell levels left.
You knew the following spells:

 Your Spells              Type           Power      Damage    Failure   Level
a - Blink                 Tloc           18%        N/A       12%         2

Your spell library contained the following spells:

 Spells                   Type           Power      Damage    Failure   Level
 Gell's Gravitas          Tloc           9%         N/A       24%         3
 Lesser Beckoning         Tloc           9%         N/A       24%         3
 Teleport Other           Tloc           9%         N/A       24%         3
 Manifold Assault         Tloc           9%         N/A       92%         5


Dungeon Overview and Level Annotations

Branches:
Dungeon (2/15)

Altars:


Innate Abilities, Weirdness & Mutations

You are completely covered in rugged brown scales. (AC +3, +7% HP)
You have supernaturally acute eyesight. (SInv)
Armour fits poorly on your strangely shaped body.
You can roll at nearby foes to attack.
You have a long armoured tail.


Message History

It is a scroll of identify.
e - a scroll of enchant armour The bat barely misses you. x2; The frilled lizard closely misses you.
Roll where?
Press: ? - help, Q - select action, (/) - cycle Dir - move target, f - worm
Aim: a worm You roll forward with a clatter of scales!
A worm comes into view.
You barely miss the worm. You tail-slap the worm!
The worm is severely wounded.
The bat completely misses you. The bat closely misses you. x2
Casting: Blink (safe; 12% risk of failure)
Confirm with . or Enter, or press ? or * to list all spells.
You blink.
Found a scroll labelled GOL NETASK.
The bat hits you but does no damage.
You miss the bat.
Your tail-slap misses the bat.
The bat hits you.
You barely miss the frilled lizard. The bat barely misses you.
The frilled lizard bites you but does no damage.
You miss the frilled lizard.
Your tail-slap misses the frilled lizard.
The bat closely misses you. The frilled lizard bites you. The bat hits you.
You hit the frilled lizard.
You kill the frilled lizard!
You feel stable enough to blink again. The bat barely misses you.
The bat hits you but does no damage.
You hit the bat. You tail-slap the bat.
You kill the bat!
Your Armour skill increases to level 1!
The worm bites you!
You hit the worm.
The worm is almost dead.
The worm bites you!
* * * LOW HITPOINT WARNING * * *
You are too injured to fight recklessly!
You hit the worm but do no damage.
The worm is severely wounded.
You hit the worm.
The worm is almost dead.
The worm bites you!
You die...

#.# ... #?# #..
..# .. #.# ..#
#.# ... #.###
####
.##.##@†.##...#
.......w........
.##.....<.......
##...w........
##...........
##..........
#.........#
#.......###
....###.#


You could see 2 worms.

Vanquished Creatures
  6 ball pythons (D:1)
  A bat (D:2)
  An endoplasm (D:1)
  A giant cockroach (D:1)
  2 goblins (D:1)
  4 jackals (D:1)
  4 kobolds (D:1)
  3 frilled lizards
  3 rats (D:1)
25 creatures vanquished.

Notes
Turn   | Place    | Note
-------+----------+-------------------------------------------
     0 | D:1      | Laubgeist the Palentonga Warper began the quest for the
                  | Orb.
     0 | D:1      | Reached XP level 1. HP: 17/17 MP: 3/3
   504 | D:1      | Reached XP level 2. HP: 23/23 MP: 5/5
   508 | D:1      | Learned a level 2 spell: Blink
  1384 | D:2      | Reached skill level 1 in Armour
  1387 | D:2      | Slain by a worm

Illustrated notes

Levels and vault maps discovered:
D:1:      dpeg_arrival_radiant, layout_basic
D:2:      layout_rooms, chequers_ecumenical_altar_simple_redux,
          minmay_randomly_rotated_circles

Skill      XL: |  1  2 |
---------------+-------+-----
Armour         | 1 |  1.0
Fighting       | |  2.0
Long Blades    | |  2.4
Throwing       | |  0.7
Dodging        | |  1.7
Spellcasting   | |  2.4
Translocations | |  3.1

Action                   || total
-------------------------++-------
Melee: Falchion          ||    74
       Tailslap          ||    11
       Punch             ||     1
Throw: Boomerang         ||     1
 Cast: Blink             ||     2
 Abil: Rolling Charge    ||    17
  Use: Scroll            ||     1
Armor: Leather armour    ||    27
Dodge: Dodged            ||    40
